TOP OF THE 1ST |
Washington Huskies batting - Pitching for Kansas State Wildcats : LHP Ron Huggins
|
Pitching: LHP Ron Huggins
|
|
Batting: RHB Gunnar Bush
|
0-0: Foul Ball, location: 2F 0-1: Foul Ball, location: 2F 0-2: Strikes out swinging
|
Batting: RHB Fernando Castellanos
|
0-0: Called Strike 0-1: Ball 1-1: SINGLE (Line Drive, 7LS)
|
Batting: RHB Jacob Pope
|
0-0: Ball 1-0: Called Strike 1-1: Called Strike 1-2: Strikes out swinging
|
Batting: LHB Giraldo Jennings
|
0-0: Ball Fernando Castellanos steals 2nd base 1-0: Ground out 4-3 (Groundball, 4)
|
Top of the 1st over - 0 run(s), 1 hit(s), 0 error(s), 1 left on base; Washington 0 - Kansas State 0 |
BOTTOM OF THE 1ST |
Kansas State Wildcats batting - Pitching for Washington Huskies : RHP Nathan Davis
|
Pitching: RHP Nathan Davis
|
|
Batting: LHB Juan Cuervo
|
0-0: Fly out, F8 (Flyball, 8RM)
|
Batting: LHB José Rodríguez
|
0-0: Called Strike 0-1: Swinging Strike 0-2: Foul Ball, location: 2F 0-2: Foul Ball, location: 2F 0-2: Ball 1-2: Strikes out swinging
|
Batting: LHB Tony Smith
|
0-0: Swinging Strike 0-1: Ball 1-1: Called Strike 1-2: Ball 2-2: SINGLE (Groundball, 3)
|
Batting: LHB Kyle Harrison
|
0-0: Ball 1-0: Ball 2-0: 2-RUN HOME RUN (Flyball, 89XD), Distance : 378 ft
|
Batting: RHB David Hernández
|
0-0: Called Strike 0-1: Foul Ball, location: 2F 0-2: Strikes out swinging
|
Bottom of the 1st over - 2 run(s), 2 hit(s), 0 error(s), 0 left on base; Washington 0 - Kansas State 2 |
TOP OF THE 2ND |
Washington Huskies batting - Pitching for Kansas State Wildcats : LHP Ron Huggins
|
Batting: RHB Luis Maestas
|
0-0: Ground out 6-3 (Groundball, 6M)
|
Batting: RHB Roy Banks
|
0-0: Ball 1-0: Foul Ball, location: 2F 1-1: Swinging Strike 1-2: Ball 2-2: Foul Ball, location: 2F 2-2: Strikes out looking
|
Batting: RHB Corey Bailey
|
0-0: Foul Ball, location: 2F 0-1: Swinging Strike 0-2: Ball 1-2: Strikes out swinging
|
Top of the 2nd over - 0 run(s), 0 hit(s), 0 error(s), 0 left on base; Washington 0 - Kansas State 2 |
BOTTOM OF THE 2ND |
Kansas State Wildcats batting - Pitching for Washington Huskies : RHP Nathan Davis
|
Batting: SHB Don Pittman
|
0-0: Ball 1-0: Ball 2-0: Called Strike 2-1: SINGLE (Groundball, 34D)
|
Batting: RHB Bobby Hinkle
|
0-0: Foul Ball, location: 2F 0-1: Fly out, F9 (Flyball, 89M)
|
Batting: RHB John Wilson
|
0-0: Called Strike 0-1: SINGLE (Groundball, 6MD) Don Pittman to second
|
Batting: RHB Andrew Deal
|
0-0: Ball 1-0: Foul Ball, location: 2F 1-1: Ball 2-1: Grounds into double play, 5-4-3 (Groundball, 56)
|
Bottom of the 2nd over - 0 run(s), 2 hit(s), 0 error(s), 1 left on base; Washington 0 - Kansas State 2 |
TOP OF THE 3RD |
Washington Huskies batting - Pitching for Kansas State Wildcats : LHP Ron Huggins
|
Batting: RHB Frank Martínez
|
0-0: Ball 1-0: Called Strike 1-1: Swinging Strike 1-2: Strikes out swinging
|
Batting: RHB Stan Johnson
|
0-0: Called Strike 0-1: SINGLE (Groundball, 6)
|
Batting: RHB Gunnar Bush
|
0-0: Swinging Strike 0-1: Fly out, F8 (Flyball, 89XD)
|
Batting: RHB Fernando Castellanos
|
Pickoff Throw to First - Out!
|
Top of the 3rd over - 0 run(s), 1 hit(s), 0 error(s), 0 left on base; Washington 0 - Kansas State 2 |
BOTTOM OF THE 3RD |
Kansas State Wildcats batting - Pitching for Washington Huskies : RHP Nathan Davis
|
Batting: LHB Juan Cuervo
|
0-0: Ground out 4-3 (Groundball, 4)
|
Batting: LHB José Rodríguez
|
0-0: SINGLE (Groundball, 4MD) (infield hit)
|
Batting: LHB Tony Smith
|
0-0: Ball 1-0: Ball 2-0: Foul Ball, location: 2F 2-1: SINGLE (Line Drive, 4MD) José Rodríguez to second
|
Batting: LHB Kyle Harrison
|
0-0: Ball 1-0: Called Strike 1-1: Grounds into double play, 4-6-3 (Groundball, 34)
|
Bottom of the 3rd over - 0 run(s), 2 hit(s), 0 error(s), 1 left on base; Washington 0 - Kansas State 2 |
TOP OF THE 4TH |
Washington Huskies batting - Pitching for Kansas State Wildcats : LHP Ron Huggins
|
Batting: RHB Fernando Castellanos
|
0-0: Called Strike 0-1: Swinging Strike 0-2: Ball 1-2: Ball 2-2: Strikes out swinging
|
Batting: RHB Jacob Pope
|
0-0: Ball 1-0: SOLO HOME RUN (Line Drive, 7D), Distance : 353 ft
|
Batting: LHB Giraldo Jennings
|
0-0: Ball 1-0: Ball 2-0: SINGLE (Groundball, 34D)
|
Batting: RHB Luis Maestas
|
0-0: Foul Ball, location: 2F 0-1: Ball 1-1: Ball 2-1: Ball 3-1: Foul Ball, location: 2F 3-2: Strikes out swinging
|
Batting: RHB Roy Banks
|
0-0: Called Strike 0-1: Ball 1-1: Foul Ball, location: 2F 1-2: Foul Ball, location: 2F 1-2: Foul Ball, location: 2F 1-2: Foul Ball, location: 2F 1-2: Strikes out swinging
|
Top of the 4th over - 1 run(s), 2 hit(s), 0 error(s), 1 left on base; Washington 1 - Kansas State 2 |
BOTTOM OF THE 4TH |
Kansas State Wildcats batting - Pitching for Washington Huskies : RHP Nathan Davis
|
Batting: RHB David Hernández
|
0-0: Foul Ball, location: 2F 0-1: Swinging Strike 0-2: Foul Ball, location: 2F 0-2: Strikes out swinging
|
Batting: SHB Don Pittman
|
0-0: Called Strike 0-1: SINGLE (Line Drive, 6D)
|
Batting: RHB Bobby Hinkle
|
0-0: Ball 1-0: Ball 2-0: Called Strike 2-1: Foul Ball, location: 2F 2-2: Grounds into double play, 6-4-3 (Groundball, 6)
|
Bottom of the 4th over - 0 run(s), 1 hit(s), 0 error(s), 0 left on base; Washington 1 - Kansas State 2 |
TOP OF THE 5TH |
Washington Huskies batting - Pitching for Kansas State Wildcats : LHP Ron Huggins
|
Batting: RHB Corey Bailey
|
0-0: Ball 1-0: Called Strike 1-1: Ball 2-1: Foul Ball, location: 2F 2-2: Ball 3-2: Base on Balls
|
Batting: RHB Frank Martínez
|
0-0: Foul Ball, location: 2F 0-1: Ball 1-1: Foul Ball, location: 2F 1-2: Ball 2-2: Fly out, F3 (Popup, 3SF)
|
Batting: RHB Stan Johnson
|
0-0: Ball 1-0: Ball 2-0: Foul Ball, location: 2F 2-1: Swinging Strike 2-2: Ball 3-2: Grounds into double play, 6-4-3 (Groundball, 6)
|
Top of the 5th over - 0 run(s), 0 hit(s), 0 error(s), 0 left on base; Washington 1 - Kansas State 2 |
BOTTOM OF THE 5TH |
Kansas State Wildcats batting - Pitching for Washington Huskies : RHP Nathan Davis
|
Batting: RHB John Wilson
|
0-0: Foul Ball, location: 2F 0-1: Swinging Strike 0-2: Strikes out swinging
|
Batting: RHB Andrew Deal
|
0-0: Called Strike 0-1: Ground out 6-3 (Groundball, 6M)
|
Batting: LHB Juan Cuervo
|
0-0: Ball 1-0: Called Strike 1-1: Ball 2-1: Called Strike 2-2: Foul Ball, location: 2F 2-2: Ground out 1-3 (Groundball, 23)
|
Bottom of the 5th over - 0 run(s), 0 hit(s), 0 error(s), 0 left on base; Washington 1 - Kansas State 2 |
TOP OF THE 6TH |
Washington Huskies batting - Pitching for Kansas State Wildcats : LHP Ron Huggins
|
Batting: RHB Gunnar Bush
|
0-0: Ball 1-0: Called Strike 1-1: Ground out 5-3 (Groundball, 56S)
|
Batting: RHB Fernando Castellanos
|
0-0: Ball 1-0: Foul Ball, location: 2F 1-1: Foul Ball, location: 2F 1-2: Ball 2-2: Strikes out swinging
|
Batting: RHB Jacob Pope
|
0-0: Foul Ball, location: 2F 0-1: SINGLE (Flyball, 89S)
|
Pitching: RHP Beau May
|
|
Batting: LHB Giraldo Jennings
|
0-0: Called Strike 0-1: Ball 1-1: Ball 2-1: Swinging Strike 2-2: SINGLE (Groundball, 34D) Jacob Pope to second Runner from 2nd tries for 3rd, SAFE, throw made to third
|
Batting: RHB Luis Maestas
|
0-0: Foul Ball, location: 2F 0-1: Ball 1-1: Ground out 6-3 (Groundball, 6)
|
Top of the 6th over - 0 run(s), 2 hit(s), 0 error(s), 2 left on base; Washington 1 - Kansas State 2 |
BOTTOM OF THE 6TH |
Kansas State Wildcats batting - Pitching for Washington Huskies : RHP Nathan Davis
|
Batting: LHB José Rodríguez
|
0-0: Ball 1-0: Ball 2-0: SOLO HOME RUN (Flyball, 89XD), Distance : 365 ft
|
Batting: LHB Tony Smith
|
0-0: Fly out, F8 (Flyball, 8LS)
|
Batting: LHB Kyle Harrison
|
0-0: Ball 1-0: Ball 2-0: Ball 3-0: Base on Balls
|
Batting: RHB David Hernández
|
0-0: Ball 1-0: Ball 2-0: Called Strike 2-1: Foul Ball, location: 2F 2-2: Ball 3-2: Fly out, F7 (Flyball, 78M)
|
Batting: SHB Don Pittman
|
0-0: Called Strike 0-1: Ground out 3-1 (Groundball, 23)
|
Bottom of the 6th over - 1 run(s), 1 hit(s), 0 error(s), 1 left on base; Washington 1 - Kansas State 3 |
TOP OF THE 7TH |
Washington Huskies batting - Pitching for Kansas State Wildcats : RHP Beau May
|
Batting: RHB Roy Banks
|
0-0: Foul Ball, location: 2F 0-1: Ball 1-1: Ground out 6-3 (Groundball, 6)
|
Batting: RHB Corey Bailey
|
0-0: Fly out, F9 (Flyball, 9LM)
|
Batting: RHB Frank Martínez
|
0-0: Called Strike 0-1: SOLO HOME RUN (Flyball, 7D), Distance : 365 ft
|
Batting: RHB Stan Johnson
|
0-0: Ball 1-0: Fly out, F8 (Flyball, 8LM)
|
Top of the 7th over - 1 run(s), 1 hit(s), 0 error(s), 0 left on base; Washington 2 - Kansas State 3 |
BOTTOM OF THE 7TH |
Kansas State Wildcats batting - Pitching for Washington Huskies : RHP Nathan Davis
|
Batting: RHB Bobby Hinkle
|
0-0: Ball 1-0: Ground out 4-3 (Groundball, 4)
|
Batting: RHB John Wilson
|
0-0: Foul Ball, location: 2F 0-1: Ball 1-1: Ball 2-1: Ball 3-1: Fly out, F5 (Popup, 15)
|
Batting: RHB Andrew Deal
|
0-0: Ball 1-0: Foul Ball, location: 2F 1-1: Ground out 6-3 (Groundball, 6)
|
Bottom of the 7th over - 0 run(s), 0 hit(s), 0 error(s), 0 left on base; Washington 2 - Kansas State 3 |
TOP OF THE 8TH |
Washington Huskies batting - Pitching for Kansas State Wildcats : RHP Beau May
|
Pitching: RHP Colin Younger
|
|
Batting: RHB Gunnar Bush
|
0-0: Swinging Strike 0-1: Called Strike 0-2: Ball 1-2: Ball 2-2: Ball 3-2: Ground out 5-3 (Groundball, 56)
|
Batting: RHB Fernando Castellanos
|
0-0: Called Strike 0-1: Ball 1-1: Ball 2-1: Ball 3-1: Base on Balls
|
Batting: RHB Jacob Pope
|
0-0: Swinging Strike 0-1: Ball 1-1: Ball 2-1: Fly out, F7 (Flyball, 7M)
|
Pitching: LHP Timothy Martin
|
|
Batting: LHB Giraldo Jennings
|
0-0: Called Strike 0-1: Foul Ball, location: 2F 0-2: Strikes out swinging
|
Top of the 8th over - 0 run(s), 0 hit(s), 0 error(s), 1 left on base; Washington 2 - Kansas State 3 |
BOTTOM OF THE 8TH |
Kansas State Wildcats batting - Pitching for Washington Huskies : RHP Nathan Davis
|
Pitching: LHP Ty Baker
|
|
Batting: LHB Juan Cuervo
|
0-0: Foul Ball, location: 2F 0-1: Ball 1-1: Swinging Strike 1-2: Foul Ball, location: 2F 1-2: Ball 2-2: Strikes out swinging
|
Batting: LHB José Rodríguez
|
0-0: Ball 1-0: Swinging Strike 1-1: Ball 2-1: Ball 3-1: Ground out 3-1 (Groundball, 3L)
|
Batting: LHB Tony Smith
|
0-0: Ball 1-0: Ball 2-0: Ball 3-0: Base on Balls
|
Batting: LHB Kyle Harrison
|
0-0: Called Strike 0-1: Ground out 4-3 (Groundball, 4)
|
Bottom of the 8th over - 0 run(s), 0 hit(s), 0 error(s), 1 left on base; Washington 2 - Kansas State 3 |
TOP OF THE 9TH |
Washington Huskies batting - Pitching for Kansas State Wildcats : LHP Timothy Martin
|
Pitching: RHP Frank Warren
|
|
Now at SS: Bill Jordan
|
|
Batting: RHB Luis Maestas
|
0-0: Ball 1-0: Called Strike 1-1: Swinging Strike 1-2: Fly out, F6 (Line Drive, 6)
|
Pinch Hitting: LHB Sam Clay
|
0-0: Swinging Strike 0-1: Called Strike 0-2: Ball 1-2: Ball 2-2: Ball 3-2: Strikes out swinging
|
Batting: RHB Corey Bailey
|
0-0: Foul Ball, location: 2F 0-1: Ball 1-1: Foul Ball, location: 2F 1-2: Strikes out looking
|
Top of the 9th over - 0 run(s), 0 hit(s), 0 error(s), 0 left on base; Washington 2 - Kansas State 3 |
|